 Dungeon Crawl Stone Soup version 0.23.2-40-g277498a (webtiles) character file.

Game seed: 3980968045464588409

416 Balder the Covered (level 6, 0/53 HPs)
             Began as a Minotaur Fighter on Aug 13, 2019.
             Slain by an adder (2 damage)
             ... on level 5 of the Dungeon.
             The game lasted 00:15:08 (3480 turns).

Balder the Covered (Minotaur Fighter)               Turns: 3480, Time: 00:15:08

Health: 0/53       AC: 10    Str: 21    XL:     6   Next: 60%
Magic:  5/5        EV:  6    Int:  5    God:
Gold:   78         SH: 10    Dex: 11    Spells: 5/5 levels left

rFire    . . .     SeeInvis .   a - +0 flail
rCold    . . .     Gourm    .   c - +0 shield
rNeg     . . .     Faith    .   r - +0 chain mail
rPois    .         Spirit   .   (helmet restricted)
rElec    .         Reflect  .   (no cloak)
rCorr    .         Harm     .   (no gloves)
MR       .....                  (no boots)
Stlth    ..........             (no amulet)
HPRegen  0.17/turn              (no ring)
MPRegen  0.09/turn              (no ring)

@: no status effects
A: retaliatory headbutt, horns 2
a: no special abilities


You were on level 5 of the Dungeon.
You were hungry.

You visited 1 branch of the dungeon, and saw 5 of its levels.

You collected 78 gold pieces.

Inventory:

Hand Weapons
 a - a +0 flail (weapon)
 q - a +0 spear
 x - a +2 short sword of draining
Missiles
 C - 2 javelins (quivered)
Armour
 b - the +10 ring mail of Uluwkeug {rF+, unknown}
   (You found it on level 4 of the Dungeon)

   It protects you from fire.
 c - a +0 shield (worn)
 r - a +0 chain mail (worn)
 w - a +0 hat
Jewellery
 m - an uncursed ring of magical power {unknown}
 v - a cursed ring of attention {unknown}
Wands
 d - a wand of clouds (6)
Scrolls
 e - 2 scrolls of remove curse {unknown}
 h - 2 scrolls of identify {unknown}
 i - 3 scrolls of fear {unknown}
 n - 2 scrolls of noise {unknown}
 o - 2 scrolls of teleportation {unknown}
 p - a scroll of enchant armour {unknown}
 u - a scroll of magic mapping {unknown}
 y - a scroll of fog {unknown}
 z - a scroll of enchant weapon {unknown}
 B - a scroll of vulnerability {unknown}
 F - a scroll of blinking {unknown}
Potions
 g - a potion of mutation {unknown}
 j - a potion of ambrosia {unknown}
 k - 2 potions of curing {unknown}
 l - 2 potions of berserk rage {unknown}
 s - 2 potions of haste {unknown}
 t - a potion of agility {unknown}
 A - a potion of brilliance {unknown}
 D - a potion of flight {unknown}
 E - a potion of invisibility {unknown}
Comestibles
 f - 4 rations


   Skills:
 * Level 4.4 Fighting
 * Level 4.8 Maces & Flails
 * Level 2.3 Polearms
 * Level 5.6 Armour
 * Level 1.8 Dodging
 * Level 4.9 Shields


You had 5 spell levels left.
You didn't know any spells.
Your spell library contained the following spells:

 Spells                   Type           Power        Failure   Level  Hunger
 Flame Tongue             Conj/Fire      #....        100%        1    ##.....
 Throw Flame              Conj/Fire      #.....       100%        2    ###....
 Conjure Flame            Conj/Fire      #.......     100%        3    ####...
 Inner Flame              Hex/Fire       #.......     100%        3    ####...
 Sticky Flame             Conj/Fire      #.......     100%        4    #####..
 Fireball                 Conj/Fire      #.........   100%        5    ######.


Dungeon Overview and Level Annotations

Branches:
Dungeon (5/15)
 Temple: D:4-7

Altars:
Zin


Innate Abilities, Weirdness & Mutations

You reflexively headbutt those who attack you in melee.
You have a pair of horns on your head.


Message History

* * * LOW HITPOINT WARNING * * *
You hit the ogre but do no damage.
You headbutt the ogre, but do no damage.
The ogre is heavily wounded.
You block the ogre's attack.
You barely miss the ogre. You headbutt the ogre!
The ogre is almost dead.
You block the ogre's attack.
You hit the ogre but do no damage. You headbutt the ogre.
The ogre is almost dead.
A leopard gecko comes into view.
The ogre hits you with a +0 giant spiked club!
* * * LOW HITPOINT WARNING * * *
You hit the ogre.
You kill the ogre!
You block the adder's attack.
You closely miss the adder. The adder completely misses you.
You miss the adder. The adder bites you but does no damage.
The adder bites you.
You die...

#......#....... .....
#.........._... .....
####......#....... ......
..........#....... #...S.
###...<..##.....# #.....#
###......####.### .......
#................
.......##.#............##
......ZS@.##############
......l#### ##.....
##..O. #..... #.....
#.<... #.....


You could see an adder, a leopard gecko and a howler monkey skeleton.

Vanquished Creatures
  An ogre (D:5)
  2 scorpions (D:4)
  A bullfrog skeleton (D:5)
  An iguana (D:4)
  Ijyb (D:4)
  A hound skeleton (D:4)
  Robin (D:4)
  5 adders
  An ooze (D:2)
  3 worms
  2 leopard geckos
  An orc (D:4)
  7 bats
  3 giant cockroaches
  14 goblins
  9 hobgoblins
  6 jackals
  A quokka (D:3)
  4 frilled lizards
  10 kobolds
  A quokka skeleton (D:4)
  A quokka zombie (D:4)
  5 rats
81 creatures vanquished.

Notes
Turn   | Place    | Note
-------+----------+-------------------------------------------
     0 | D:1      | Balder the Minotaur Fighter began the quest for the Orb.
     0 | D:1      | Reached XP level 1. HP: 19/19 MP: 0/0
   539 | D:1      | Reached skill level 4 in Armour
   539 | D:1      | Reached XP level 2. HP: 26/27 MP: 1/1
  1122 | D:2      | Reached XP level 3. HP: 33/33 MP: 2/2
  1773 | D:2      | Reached XP level 4. HP: 35/40 MP: 3/3
  1822 | D:2      | Reached skill level 1 in Polearms
  2020 | D:3      | Reached skill level 1 in Dodging
  2183 | D:3      | Noticed an orc warrior
  2223 | D:4      | Reached XP level 5. HP: 18/46 MP: 4/4
  2404 | D:4      | Got a smoking ring mail
  2681 | D:4      | Noticed Ijyb
  2686 | D:4      | Reached skill level 5 in Armour
  2690 | D:4      | Killed Ijyb
  2706 | D:4      | Reached XP level 6. HP: 19/53 MP: 5/5
  2939 | D:4      | Noticed Robin
  2963 | D:4      | Killed Robin
  3408 | D:5      | Entered Level 5 of the Dungeon
  3411 | D:5      | Found a glowing silver altar of Zin.
  3477 | D:5      | HP: 1/53 [ogre/+0 giant spiked club (7)]
  3480 | D:5      | Slain by an adder

Skill      XL: |  1  2  3  4  5 |
---------------+----------------+-----
Armour         | 4 5 |  5.6
Shields        | 4 |  4.9
Fighting       | 4 |  4.4
Polearms       | 1 2 |  2.3
Maces & Flails | 3 4 |  4.8
Dodging        | 1 |  1.8

Action                   |  1- 3 |  4- 6 || total
-------------------------+-------+-------++-------
Melee: Flail             |   100 |   126 ||   226
       Headbutt          |     7 |    23 ||    30
  Use: Potion            |       |     1 ||     1
  Eat: Ration            |     1 |     1 ||     2
       Chunk             |       |     1 ||     1
Armor: Scale mail        |    25 |       ||    25
       Chain mail        |    15 |   100 ||   115
Dodge: Dodged            |    27 |    48 ||    75
Block: Shield            |    44 |    87 ||   131
